AAA
LOUISVILLE BATS @ TOLEDO MUD HENS
05/18/2052
 
TOP OF THE 1ST
Newark Bears batting - Pitching for Birmingham Barons : RHP Esteban Carrera
Pitching: RHP Esteban Carrera
Batting: RHB Tim Daley 0-0: Fly out, F4 (Line Drive, 4M, EV 66.9 MPH)
Batting: RHB Sean Van Veen 0-0: Ball
1-0: Ball
2-0: SINGLE (Line Drive, 34D, EV 95.6 MPH)
Batting: RHB Tommy Hartzell 0-0: Called Strike
0-1: Ball
1-1: Ball
2-1: 2-RUN HOME RUN (Flyball, 7D, EV 104.4 MPH), Distance : 387 ft
Batting: SHB Macario Flores 0-0: Swinging Strike
0-1: Ball
1-1: Foul Ball, location: 2F
1-2: Ground out U3 (Groundball, 3L, EV 87.5 MPH)
Batting: RHB Brady Rice 0-0: Foul Ball, location: 2F
0-1: Ball
1-1: Swinging Strike
1-2: Strikes out swinging
Top of the 1st over - 2 runs, 2 hits, 0 errors, 0 left on base; Newark 2 - Birmingham 0
BOTTOM OF THE 1ST
Birmingham Barons batting - Pitching for Newark Bears : RHP Oscar Tezeno
Pitching: RHP Oscar Tezeno
Batting: RHB Bobby Hernandez 0-0: Foul Ball, location: 2F
0-1: Called Strike
0-2: Ball
1-2: Strikes out looking
Batting: RHB Cameron Popovich 0-0: SINGLE (Flyball, 8LS, EV 96.2 MPH)
Batting: LHB Colin Buchanan 0-0: Ball
1-0: Ball
2-0: Ball
3-0: Base on Balls
Cameron Popovich to second
Batting: LHB Peter Stafford 0-0: Ball
1-0: Ball
2-0: Foul Ball, location: 2F
2-1: DOUBLE (Line Drive, 7LM, EV 111.2 MPH)
Cameron Popovich scores
Colin Buchanan to third
Batting: LHB Mike Kerr 0-0: Ball
1-0: Foul Ball, location: 2F
1-1: Foul Ball, location: 2F
1-2: Ball
2-2: Foul Ball, location: 2F
2-2: Strikes out swinging
Batting: LHB Holden Uhl 0-0: Called Strike
0-1: Swinging Strike
0-2: Ball
1-2: Foul Ball, location: 2F
1-2: Strikes out swinging
Bottom of the 1st over - 1 run, 2 hits, 0 errors, 2 left on base; Newark 2 - Birmingham 1
TOP OF THE 2ND
Newark Bears batting - Pitching for Birmingham Barons : RHP Esteban Carrera
Batting: LHB Alex Alvarez 0-0: Called Strike
0-1: Ball
1-1: Called Strike
1-2: SINGLE (Line Drive, 4D, EV 105.0 MPH)
Batting: RHB Chase Neubauer 0-0: Called Strike
0-1: Ball
1-1: Ball
2-1: Ball
3-1: Foul Ball, location: 2F
3-2: Foul Ball, location: 2F
3-2: Foul Ball, location: 2F
3-2: Strikes out swinging
Batting: SHB Craig Jones 0-0: Called Strike
0-1: Ball
1-1: Fielders Choice at 2nd, 4-6 (Groundball, 4, EV 89.4 MPH)
Batting: RHB Nick Tomlinson 0-0: Ball
1-0: Called Strike
1-1: Ball
2-1: Fly out, F9 (Flyball, 9LM, EV 85.0 MPH)
Top of the 2nd over - 0 runs, 1 hit, 0 errors, 1 left on base; Newark 2 - Birmingham 1
BOTTOM OF THE 2ND
Birmingham Barons batting - Pitching for Newark Bears : RHP Oscar Tezeno
Batting: RHB Vladimir Muñoz 0-0: Bunted foul
0-1: Called Strike
0-2: Ball
1-2: Ball
2-2: Ball
3-2: Fly out, F7 (Flyball, 7D, EV 96.9 MPH)
Batting: LHB Israel Darling 0-0: Called Strike
0-1: Ball
1-1: Ball
2-1: Ball
3-1: Base on Balls
Batting: RHB Greg Harrison 0-0: Ball
1-0: Ball
2-0: Called Strike
2-1: Ball
3-1: Base on Balls
Israel Darling to second
Batting: RHB Bobby Hernandez 0-0: Swinging Strike
0-1: Swinging Strike
0-2: Ball
1-2: Ball
2-2: Ball
3-2: Fielders Choice at 2nd, 3-6 (Groundball, 3S, EV 86.9 MPH)
Israel Darling to third
Batting: RHB Cameron Popovich 0-0: Foul Ball, location: 2F
0-1: Fielders Choice at 2nd, 6-4 (Groundball, 6, EV 86.2 MPH)
Bottom of the 2nd over - 0 runs, 0 hits, 0 errors, 2 left on base; Newark 2 - Birmingham 1
TOP OF THE 3RD
Newark Bears batting - Pitching for Birmingham Barons : RHP Esteban Carrera
Batting: RHB Tim Daley 0-0: SINGLE (Groundball, 56D, EV 109.4 MPH)
Batting: RHB Sean Van Veen 0-0: Fly out, F6 (Line Drive, 6, EV 67.5 MPH)
Batting: RHB Tommy Hartzell 0-0: Called Strike
0-1: Ball
1-1: Called Strike
Tim Daley steals 2nd base (no throw)
1-2: Strikes out swinging
Batting: SHB Macario Flores 0-0: Called Strike
0-1: Ball
1-1: Ball
2-1: Ground out 6-3 (Groundball, 6M, EV 86.9 MPH)
Top of the 3rd over - 0 runs, 1 hit, 0 errors, 1 left on base; Newark 2 - Birmingham 1
BOTTOM OF THE 3RD
Birmingham Barons batting - Pitching for Newark Bears : RHP Oscar Tezeno
Batting: LHB Colin Buchanan 0-0: Ball
1-0: Ball
2-0: Foul Ball, location: 2F
2-1: Ball
3-1: Base on Balls
Batting: LHB Peter Stafford 0-0: Called Strike
0-1: Foul Ball, location: 2F
0-2: Fielders Choice at 2nd, 3-6 (Groundball, 3, EV 108.8 MPH)
Batting: LHB Mike Kerr 0-0: Called Strike
0-1: Ball
1-1: Swinging Strike
1-2: Foul Ball, location: 2F
1-2: Fielders Choice at 2nd, 3-6 (Groundball, 23, EV 84.4 MPH)
Batting: LHB Holden Uhl 0-0: Ball
1-0: Called Strike
1-1: Called Strike
1-2: Strikes out looking
Bottom of the 3rd over - 0 runs, 0 hits, 0 errors, 1 left on base; Newark 2 - Birmingham 1
TOP OF THE 4TH
Newark Bears batting - Pitching for Birmingham Barons : RHP Esteban Carrera
Batting: RHB Brady Rice 0-0: Called Strike
0-1: Ball
1-1: Fly out, F9 (Flyball, 89S, EV 96.2 MPH)
Batting: LHB Alex Alvarez 0-0: Ball
1-0: Called Strike
1-1: Ball
2-1: Foul Ball, location: 2F
2-2: Foul Ball, location: 2F
2-2: Strikes out swinging
Batting: RHB Chase Neubauer 0-0: Ball
1-0: Foul Ball, location: 2F
1-1: Swinging Strike
1-2: Ball
2-2: Strikes out swinging
Top of the 4th over - 0 runs, 0 hits, 0 errors, 0 left on base; Newark 2 - Birmingham 1
BOTTOM OF THE 4TH
Birmingham Barons batting - Pitching for Newark Bears : RHP Oscar Tezeno
Batting: RHB Vladimir Muñoz 0-0: Ball
1-0: SINGLE (Line Drive, 9S, EV 108.8 MPH)
Batting: LHB Israel Darling 0-0: Ball
1-0: Ball
Vladimir Muñoz is caught stealing 2nd base 2-6
2-0: Ball
3-0: Base on Balls
Batting: RHB Greg Harrison 0-0: Called Strike
Israel Darling steals 2nd base
0-1: Foul Ball, location: 2F
0-2: Strikes out looking
Batting: RHB Bobby Hernandez 0-0: Ball
1-0: Ball
2-0: Called Strike
2-1: SINGLE (Groundball, 4MD, EV 105.0 MPH)
Israel Darling to third
Runner from 3rd tries for Home, SAFE, throw by CF to home
Bobby Hernandez to second
Batting: RHB Cameron Popovich 0-0: Ball
1-0: Foul Ball, location: 2F
1-1: Ground out 4-3 (Groundball, 4, EV 83.8 MPH)
Bottom of the 4th over - 1 run, 2 hits, 0 errors, 1 left on base; Newark 2 - Birmingham 2
TOP OF THE 5TH
Newark Bears batting - Pitching for Birmingham Barons : RHP Esteban Carrera
Batting: SHB Craig Jones 0-0: Ground out U3 (Groundball, 13, EV 86.2 MPH)
Batting: RHB Nick Tomlinson 0-0: SINGLE (Groundball, 56D, EV 98.8 MPH)
Batting: RHB Tim Daley 0-0: Ball
1-0: Ball
2-0: Ball
3-0: Called Strike
3-1: Base on Balls
Nick Tomlinson to second
Pitching: LHP DeWayne Bowles
Batting: RHB Sean Van Veen 0-0: Foul Ball, location: 2F
0-1: Ground out 6-3 (Groundball, 6M, EV 106.2 MPH)
Nick Tomlinson to third
Tim Daley to second
Batting: RHB Tommy Hartzell 0-0: Fly out, F8 (Flyball, 8RD, EV 105.6 MPH)
Top of the 5th over - 0 runs, 1 hit, 0 errors, 2 left on base; Newark 2 - Birmingham 2
BOTTOM OF THE 5TH
Birmingham Barons batting - Pitching for Newark Bears : RHP Oscar Tezeno
Batting: LHB Colin Buchanan 0-0: Foul Ball, location: 2F
0-1: Ball
1-1: SINGLE (Line Drive, 78S, EV 106.9 MPH)
Batting: LHB Peter Stafford 0-0: Ball
1-0: Swinging Strike
1-1: Foul Ball, location: 2F
1-2: Ball
2-2: SINGLE (Line Drive, 4D, EV 96.9 MPH)
Colin Buchanan to second
Runner from 2nd tries for 3rd, SAFE, throw by CF made to third
Pitching: LHP William Vazques
Batting: LHB Mike Kerr 0-0: Ball
1-0: Called Strike
1-1: Ball
2-1: Foul Ball, location: 2F
2-2: Ball
3-2: Fielders Choice at 2nd, 4-6 (Groundball, 4, EV 85.0 MPH)
Colin Buchanan scores
Batting: LHB Holden Uhl 0-0: Ball
Mike Kerr steals 2nd base (no throw)
1-0: Ball
2-0: Called Strike
2-1: Ball
3-1: Ground out 4-3 (Groundball, 4, EV 103.1 MPH)
Mike Kerr to third
Batting: RHB Vladimir Muñoz 0-0: Foul Ball, location: 2F
0-1: Ground out 6-3 (Groundball, 56, EV 99.4 MPH)
Bottom of the 5th over - 1 run, 2 hits, 0 errors, 1 left on base; Newark 2 - Birmingham 3
TOP OF THE 6TH
Newark Bears batting - Pitching for Birmingham Barons : LHP DeWayne Bowles
Batting: SHB Macario Flores 0-0: Fly out, F9 (Flyball, 9D, EV 91.9 MPH)
Batting: RHB Brady Rice 0-0: Swinging Strike
0-1: SINGLE (Flyball, 9LS, EV 100.0 MPH)
Batting: LHB Alex Alvarez 0-0: Called Strike
0-1: Ball
1-1: Foul Ball, location: 2F
1-2: SINGLE (Groundball, 34S, EV 76.9 MPH) (infield hit)
Brady Rice to second
Batting: RHB Chase Neubauer 0-0: Called Strike
0-1: Ball
1-1: Swinging Strike
1-2: Ball
2-2: Ball
3-2: Strikes out swinging
Batting: SHB Craig Jones 0-0: Ball
1-0: Called Strike
1-1: Swinging Strike
1-2: Fly out, F8 (Flyball, 89M, EV 83.1 MPH)
Top of the 6th over - 0 runs, 2 hits, 0 errors, 2 left on base; Newark 2 - Birmingham 3
BOTTOM OF THE 6TH
Birmingham Barons batting - Pitching for Newark Bears : LHP William Vazques
Batting: LHB Israel Darling 0-0: Called Strike
0-1: Ball
1-1: Ground out U3 (Groundball, 3, EV 93.8 MPH)
Batting: RHB Greg Harrison 0-0: Ball
1-0: Swinging Strike
1-1: Foul Ball, location: 2F
1-2: SINGLE (Groundball, 5S, EV 63.1 MPH) (infield hit)
Batting: RHB Bobby Hernandez 0-0: Ball
1-0: Swinging Strike
1-1: Ball
2-1: Ball
3-1: Fly out, F8 (Line Drive, 8RD, EV 101.2 MPH)
Batting: RHB Cameron Popovich 0-0: Ball
1-0: Ball
2-0: Called Strike
2-1: SINGLE (Groundball, 56D, EV 105.0 MPH)
Greg Harrison to second
Pitching: RHP Marc Mobley
Batting: LHB Colin Buchanan 0-0: Ball
1-0: Called Strike
1-1: Called Strike
1-2: Fly out, F9 (Line Drive, 9, EV 93.8 MPH)
Bottom of the 6th over - 0 runs, 2 hits, 0 errors, 2 left on base; Newark 2 - Birmingham 3
TOP OF THE 7TH
Newark Bears batting - Pitching for Birmingham Barons : LHP DeWayne Bowles
Batting: RHB Nick Tomlinson 0-0: Ball
1-0: Swinging Strike
1-1: Foul Ball, location: 2F
1-2: Strikes out swinging
Batting: RHB Tim Daley 0-0: Called Strike
0-1: Swinging Strike
0-2: Strikes out swinging
Batting: RHB Sean Van Veen 0-0: Ball
1-0: Foul Ball, location: 2F
1-1: Ball
2-1: Ball
3-1: Base on Balls
Batting: RHB Tommy Hartzell 0-0: Fly out, F8 (Flyball, 78M, EV 86.2 MPH)
Top of the 7th over - 0 runs, 0 hits, 0 errors, 1 left on base; Newark 2 - Birmingham 3
BOTTOM OF THE 7TH
Birmingham Barons batting - Pitching for Newark Bears : RHP Marc Mobley
Batting: LHB Peter Stafford 0-0: Ground out 6-3 (Groundball, 6S, EV 83.1 MPH)
Batting: LHB Mike Kerr 0-0: Swinging Strike
0-1: Called Strike
0-2: Ball
1-2: Ball
2-2: Foul Ball, location: 2F
2-2: Foul Ball, location: 2F
2-2: Foul Ball, location: 2F
2-2: Ball
3-2: Strikes out looking
Batting: LHB Holden Uhl 0-0: Ball
1-0: Called Strike
1-1: Foul Ball, location: 2F
1-2: Foul Ball, location: 2F
1-2: Ball
2-2: Foul Ball, location: 2F
2-2: Ball
3-2: Fly out, F5 (Popup, 5F, EV 73.8 MPH)
Bottom of the 7th over - 0 runs, 0 hits, 0 errors, 0 left on base; Newark 2 - Birmingham 3
TOP OF THE 8TH
Newark Bears batting - Pitching for Birmingham Barons : LHP DeWayne Bowles
Batting: SHB Macario Flores 0-0: Ball
1-0: Ball
2-0: Swinging Strike
2-1: Foul Ball, location: 2F
2-2: Ball
3-2: Base on Balls
Pitching: RHP Jimmy Weinert
Batting: RHB Brady Rice 0-0: Called Strike
0-1: Ball
1-1: Fly out, F9 (Line Drive, 9, EV 91.2 MPH)
Batting: LHB Alex Alvarez 0-0: Fielders Choice at 2nd, 3-6 (Groundball, 3S, EV 85.0 MPH)
Batting: RHB Chase Neubauer 0-0: Ball
1-0: Foul Ball, location: 2F
1-1: Ball
2-1: Fly out, F8 (Flyball, 78D, EV 108.1 MPH)
Top of the 8th over - 0 runs, 0 hits, 0 errors, 1 left on base; Newark 2 - Birmingham 3
BOTTOM OF THE 8TH
Birmingham Barons batting - Pitching for Newark Bears : RHP Marc Mobley
Batting: RHB Vladimir Muñoz 0-0: Hit by Pitch
Batting: LHB Israel Darling 0-0: Called Strike
0-1: Sac Bunt to 23 - play at first, batter OUT! 3-4
Vladimir Muñoz to second
Pinch Hitting: LHB Stanley Scherr 0-0: Intentional Walk
Batting: RHB Bobby Hernandez 0-0: Foul Ball, location: 2F
0-1: Ball
1-1: Foul Ball, location: 2F
1-2: Foul Ball, location: 2F
1-2: Foul Ball, location: 2F
1-2: Grounds into double play, 5-4-3 (Groundball, 56, EV 88.8 MPH)
Bottom of the 8th over - 0 runs, 0 hits, 0 errors, 1 left on base; Newark 2 - Birmingham 3
TOP OF THE 9TH
Newark Bears batting - Pitching for Birmingham Barons : RHP Jimmy Weinert
Pitching: LHP Tim Alexander
Now at 3B: Ryan McLaughlin
Now at SS: Travis Banning
Now in CF: Mike Kerr
Pinch Hitting: RHB Juan Zarate 0-0: Foul Ball, location: 2F
0-1: Foul Ball, location: 2F
0-2: Ball
1-2: Foul Ball, location: 2F
1-2: Ball
2-2: Fly out, F9 (Flyball, 9D, EV 95.6 MPH)
Batting: RHB Nick Tomlinson 0-0: Swinging Strike
0-1: Ball
1-1: Swinging Strike
1-2: Ball
2-2: Strikes out swinging
Batting: RHB Tim Daley 0-0: Called Strike
0-1: Foul Ball, location: 2F
0-2: Ball
1-2: Ball
2-2: Ball
3-2: Base on Balls
Batting: RHB Sean Van Veen 0-0: Ball
1-0: Fielders Choice at 2nd, 6-4 (Groundball, 6, EV 85.6 MPH)
Top of the 9th over - 0 runs, 0 hits, 0 errors, 1 left on base; Newark 2 - Birmingham 3
Sunday, April 21st , 2024 - OOTP Baseball 24.11 Build 85